 Dungeon Crawl Stone Soup version 0.18-a0-596-g6468885 (webtiles) character file.

40 4thArraOfDagon the Scratcher (level 3, -1/17 HPs)
             Began as a Felid Fighter on Dec 3, 2015.
             Slain by a wight
             ... wielding a cursed +2 hand axe
              (2 damage)
             ... in an ossuary.
             The game lasted 00:01:59 (389 turns).

4thArraOfDagon the Scratcher (Felid Fighter)         Turns: 389, Time: 00:01:59

Health: -1/17      AC:  1    Str: 12    XL:     3   Next: 30%
Magic:  4/4        EV: 19    Int:  9    God:
Gold:   0          SH:  0    Dex: 16    Spells: 0 memorised, 2 levels left
                                        Lives:  0   Deaths: 0

rFire  . . .     SeeInvis +       - Unarmed
rCold  . . .     Clarity  .     (armour unavailable)
rNeg   . . .     SustAt   .     (shield unavailable)
rPois  .         Gourm    .     (helmet unavailable)
rElec  .         Spirit   .     (cloak unavailable)
rCorr  .         Dismiss  .     (gloves unavailable)
rMut   .         Stasis   .     (boots unavailable)
MR     .....                    (no amulet)
Stlth  ++........               (no ring)
                                (no ring)

@: drained, quick, not resistant to hostile enchantments, unstealthy
A: no armour, no weapons or thrown items, claws 1, fangs 3, see invisible,
carnivore 3, speed 1, shaggy fur 1, slow metabolism 1, sharp paws
a: no special abilities


You were in an ossuary.
You were completely stuffed.

You visited 1 branch of the dungeon, and saw 4 of its levels.
You also visited: Ossuary.

Inventory:

Wands
 j - a wand of draining (10)
 m - a wand of magic darts (8)
 n - a wand of lightning (6)
 o - a wand of lightning (4)
Scrolls
 a - a scroll of recharging {unknown}
 c - 2 scrolls of remove curse {unknown}
 e - a scroll of enchant weapon {unknown}
 f - a scroll of blinking {unknown}
Potions
 d - a potion of invisibility {unknown}
 g - a potion of poison {unknown}
 h - a potion of experience {unknown}
 i - a potion of ambrosia {unknown}
 k - a potion of degeneration {unknown}
 l - 3 potions of brilliance {unknown}
Comestibles
 b - 2 meat rations


   Skills:
 + Level 3.2(2.6) Fighting
 + Level 4.4(3.8) Dodging
 * Level 2.3(1.7) Stealth
 * Level 4.4(3.8) Unarmed Combat


You had 2 spell levels left.
You didn't know any spells.

Dungeon Overview and Level Annotations

Branches:
Dungeon (4/15)
 Temple: D:4-7

Altars:


Innate Abilities, Weirdness & Mutations

You cannot wear armour.
You are incapable of wielding weapons or throwing items.
You have sharp claws.
You have razor-sharp teeth.
You have supernaturally acute eyesight.
You are carnivorous and can eat meat at any time.
You cover ground quickly.
You are covered in fur (AC +1).
You have a slow metabolism.
Your sharp claws are effective at attacking unaware monsters.


Message History

o - a wand of lightning Evoke which item? (* to show all) (? for menu, Esc to quit)
Okay, then.
You open the door.
Unknown command.
A wight comes into view. It is wielding an enchanted hand axe.
There is an open door here.
You pounce on the unaware helpless wight!
You claw the wight!
The wight is severely damaged.
You closely miss the wight.
The wight is severely damaged.
The wight hits you with an enchanted hand axe.
You feel drained.
You barely miss the wight.
The wight is severely damaged.
The wight hits you with an enchanted hand axe!
* * * LOW HITPOINT WARNING * * *
You feel drained.
You die...

#'# #.# ###.###
#z▓.▓W# ###.###
#.#
#######'######
#.............#
#.@##.###.##+.#
#.#z#.#z#.# #
#.###.###.###.#
#.............#
#.............#
#.###.....###.
#.#z#.....#z#
#.###.....##
#.............#


You could see a wight.

Vanquished Creatures
  A hound (D:4)
  An orc (D:3)
  A goblin (D:1)
  2 hobgoblins (D:1)
  2 bats (D:1)
  A hobgoblin zombie (Ossuary)
  3 rats (D:1)
11 creatures vanquished.

Notes
Turn   | Place    | Note
--------------------------------------------------------------
     0 | D:1      | 4thArraOfDagon the Felid Fighter began the quest for the Orb.
     0 | D:1      | Reached XP level 1. HP: 10/10 MP: 2/2
    98 | D:1      | Reached skill level 1 in Stealth
   151 | D:1      | Reached XP level 2. HP: 14/14 MP: 3/3
   174 | D:1      | You fall through a shaft!
   186 | D:2      | You fall through a shaft!
   270 | D:4      | Reached XP level 3. HP: 17/17 MP: 4/4
   292 | D:4      | Found a sand-covered staircase.
   296 | Ossuary  | Entered an ossuary
   347 | Ossuary  | Noticed a flying skull
   347 | Ossuary  | Noticed a wraith
   354 | Ossuary  | Noticed a flying skull
   359 | Ossuary  | Noticed a flying skull
   363 | Ossuary  | Noticed a flying skull
   389 | Ossuary  | Slain by a wight

Vault maps used:
D:1:      minmay_arrival_stone_box, feat_on_display
D:2:      minivault_23
D:3:      nicolae_overflow_crystal_walls, uniq_sigmund, uniq_grinder
D:4:      amethyst_overflow_temple_binary, first_bread, enter_ossuary_5,
          uniq_duvessa
Ossuary:  ossuary_due_cavern

Action                   || total
-------------------------++-------
Melee: Unarmed           ||    26
  Use: Potion            ||     1
 Stab: Sleeping          ||     3
  Eat: Chunk             ||     6
